 Dungeon Crawl Stone Soup version 0.29-a0-451-gfbfa42419e (webtiles) character file.

Game seed: 13911783445865739814

371 happo123 the Ducker (level 7, -1/42 HPs)
             Began as a Djinni Earth Elementalist on May 20, 2022.
             Was a Follower of Hepliaklqana.
             Slain by an adder (3 damage)
             ... in a sewer.
             The game lasted 00:22:23 (3469 turns).

happo123 the Ducker (Djinni Earth Elementalist)     Turns: 3469, Time: 00:22:23

Health: -1/42      AC:  3    Str:  7    XL:     7   Next: 2%
Gold:   216        EV: 13    Int: 19    God:    Hepliaklqana [*.....] SH:  0 Dex: 13

rFire   + + .      SeeInvis .   s - +4 quarterstaff (chaos)
rCold   x . .      Faith    .   (shield currently unavailable)
rNeg    . . .      Spirit   .   b - +0 robe
rPois   ∞          Reflect  .   (no helmet)
rElec   .          Harm     .   t - +0 cloak
rCorr   .          Rampage  .   (no gloves)
Will    .....                   (boots unavailable)
Stlth   ++........              (no amulet)
HPRegen 0.14/turn               (no ring)
MPRegen 0.00/turn               (no ring)

@: flying, very slightly contaminated
A: reduced essence, sickness immunity, fire resistance 2, cold vulnerability 1,
float, innate caster, HP casting, extra vitality 1
a: Renounce Religion, Recall Ancestor, Ancestor Identity


You were in a sewer.
You worshipped Hepliaklqana.
Hepliaklqana was aware of your devotion.
You visited 1 branch of the dungeon, and saw 4 of its levels.
You also visited: Sewer.

You collected 216 gold pieces.

Inventory:

Hand Weapons
 m - a +6 mace
 s - a +4 quarterstaff of chaos (weapon)
Missiles
 a - 7 stones
Armour
 b - a +0 robe (worn)
 t - a +0 cloak (worn)
Scrolls
 c - 3 scrolls of identify {unknown}
 d - a scroll of immolation {unknown}
 e - a scroll of silence {unknown}
 g - 2 scrolls of blinking {unknown}
 j - a scroll of amnesia {unknown}
 k - a scroll of fog {unknown}
 l - 3 scrolls of summoning {unknown}
 n - 3 scrolls of teleportation
 o - a scroll of fear {unknown}
 q - a scroll of magic mapping {unknown}
Potions
 f - 5 potions of flight
 h - a potion of might {unknown}
 i - 2 potions of mutation {unknown}
 p - a potion of lignification {unknown}
 r - a potion of degeneration {unknown}


   Skills:
 + Level 1.0 Fighting
 + Level 0.8 Armour
 + Level 4.4 Dodging
 * Level 3.6 Stealth
 * Level 3.7 Spellcasting


You couldn't memorise any spells.
You knew the following spells:

 Your Spells              Type           Power      Damage    Failure   Level
a - Sandblast             Erth           34%        2d9       3%          1
b - Passwall              Tmut/Erth      14%        N/A       4%          2
c - Stone Arrow           Conj/Erth      34%        3d9       9%          3
d - Petrify               Tmut/Erth      17%        N/A       30%         4
e - Freeze                Ice            68%        1d8       3%          1
f - Blink                 Tloc           34%        N/A       4%          2
g - Static Discharge      Conj/Air       17%        N/A       4%          2
Your spell library was empty.

Dungeon Overview and Level Annotations

Branches:
Dungeon (4/15)              Sewer (1/1)
 Temple: D:4-7

Altars:
Ashenzari
Hepliaklqana

Annotations:
D:1 1 runed translucent door


Innate Abilities, Weirdness & Mutations

Your life essence is reduced to manifest your ancestor. (-10% HP)
You are immune to sickness and miasma.
You are immune to poison.
Your flesh is very heat resistant. (rF++)
You are vulnerable to cold. (rC-)
You float through the air rather than walking.
You learn spells naturally, not from books.
Your magical power is your life essence.
You have superior vitality. (+4 MHP)


Message History

* * * LOW HITPOINT WARNING * * *
The malarious merfolk avatar chants a haunting song.
You easily resist.
The adder closely misses you.
Xiuhtonal closely misses the malarious merfolk avatar.
The adder bites you.
* * * LOW HITPOINT WARNING * * *
The adder closely misses you. The adder attacks as you move away!
The adder barely misses you. x2
Xiuhtonal hits the malarious merfolk avatar.
The malarious merfolk avatar dies!
Your Fighting skill increases to level 1!
You have reached level 7!
The power to cast Static Discharge wells up from within.
Spell assigned to 'g'.
Xiuhtonal remembers more of her old skill.
Casting: Stone Arrow (dangerous; 9% risk of failure)
Confirm with . or Enter, or press ? or * to list all spells.
The adder is struck by an arc of lightning.
The adder is severely wounded.
The lightning grounds out.
* * * LOW HITPOINT WARNING * * *
The adder barely misses you. The adder bites you.
* * * LOW HITPOINT WARNING * * *
The adder barely misses you. The adder bites you but does no damage.
You see here a giant cockroach corpse.
The adder attacks as you move away! The adder bites you.
* * * LOW HITPOINT WARNING * * *
The adder attacks as you move away! The adder misses you. The adder bites you.
* * * LOW HITPOINT WARNING * * *
Casting: Static Discharge (safe; 4% risk of failure)
Confirm with . or Enter, or press ? or * to list all spells.
Okay, then.
You hit the adder.
The adder is heavily wounded.
The adder bites you.
* * * LOW HITPOINT WARNING * * *
The adder bites you.
You die...

#### #≈≈≈≈≈≈≈≈≈ ...#
+.≈≈≈≈≈≈≈≈ ##.# ####
#.≈≈≈≈≈≈≈≈ ≈#.# #..#
#.≈≈≈≈≈≈≈≈ ≈≈≈## #..#
#.≈≈≈≈≈≈≈≈ #≈≈≈####
#..###R≈≈≈≈≈≈≈≈
..≈≈≈≈≈########..#≈≈≈≈≈≈≈≈≈≈≈
#...≈≈#≈≈≈≈≈≈≈≈†SS≈≈≈≈≈≈≈≈≈≈≈
##...≈#########.@#≈≈≈≈≈≈≈≈≈≈≈
###.....†≈# #†.###≈≈≈≈≈≈≈≈≈
######≈≈# ##.## #≈≈≈≈≈≈≈≈≈
#..###..# ##≈≈≈≈≈≈≈≈
##.....## ≈≈≈≈≈≈≈≈≈ #######
≈≈≈≈≈≈≈ ≈≈≈≈≈≈


You could see the friendly Xiuhtonal the ancestor and 2 adders.

Vanquished Creatures
  A bullfrog (D:3)
  An iguana (D:4)
  Crazy Yiuf (D:3)
  3 gnolls (D:3)
  5 adders
  2 river rats
  A worm (D:4)
  2 dart slugs (D:3)
  5 orcs (D:3)
  2 bats
  2 endoplasms
  7 giant cockroaches
  5 goblins
  5 hobgoblins
  3 quokkas
  11 ball pythons
  4 frilled lizards
  2 kobolds (D:1)
  26 rats
88 creatures vanquished.

Vanquished Creatures (collateral kills)
  A merfolk siren (Sewer)
  A merfolk avatar (Sewer)
  A river rat (D:4)
  An adder (D:4)
  3 giant cockroaches (Sewer)
  A quokka (Sewer)
  4 rats (Sewer)
12 creatures vanquished.

Grand Total: 100 creatures vanquished

Notes
Turn   | Place    | Note
-------+----------+-------------------------------------------
     0 | D:1      | happo123 the Djinni Earth Elementalist began the quest for
                  | the Orb.
     0 | D:1      | Reached XP level 1. HP: 15/15 MP: 0/0
     1 | D:1      | Found a runed translucent door.
   227 | D:1      | Reached XP level 2. HP: 15/21 MP: 0/0
   893 | D:1      | Reached XP level 3. HP: 23/25 MP: 0/0
   893 | D:1      | Learned a level 1 spell: Freeze
  1302 | D:2      | Found a faded altar of an unknown god.
  1421 | D:2      | Reached skill level 3 in Dodging
  1567 | D:2      | Reached XP level 4. HP: 17/31 MP: 0/0
  2108 | D:3      | Found a broken altar of Ashenzari.
  2135 | D:3      | Reached XP level 5. HP: 12/35 MP: 0/0
  2135 | D:3      | Learned a level 2 spell: Blink
  2423 | D:3      | Found a hazy altar of Hepliaklqana.
  2428 | D:3      | Became a worshipper of Hepliaklqana the Forgotten
  2673 | D:3      | Noticed a bullfrog
  2675 | D:3      | Killed a bullfrog
  2676 | D:3      | Reached skill level 4 in Dodging
  2872 | D:3      | Found a runed translucent door.
  2873 | D:3      | Noticed Crazy Yiuf
  2879 | D:3      | Killed Crazy Yiuf
  2880 | D:3      | Reached XP level 6. HP: 35/40 MP: 0/0
  2999 | D:4      | Reached * piety under Hepliaklqana
  3018 | D:4      | Found a glowing drain.
  3035 | Sewer    | Entered a sewer
  3466 | Sewer    | Reached skill level 1 in Fighting
  3466 | Sewer    | Reached XP level 7. HP: 9/42 MP: 0/0
  3466 | Sewer    | Learned a level 2 spell: Static Discharge
  3469 | Sewer    | HP: 2/42 [adder (1)]
  3469 | Sewer    | Slain by an adder

Illustrated notes

Levels and vault maps discovered:
D:1:      dpeg_arrival_caged_fury, layout_basic
D:2:      layout_basic, ebering_ecumenical_altar_petrified
D:3:      layout_rooms, worldfamousw_hep_ancestral_shrine,
          evilmike_ruin_ashenzari, minmay_misc_feat_ornament,
          uniq_crazy_yiuf_cottage
D:4:      layout_loops_corners, mainiacjoe_overflow_alcove_4,
          grunt_temple_overflow_gold_and_silver, portal_sewer_entry_e,
          minmay_shop_grid_forest, minivault_5
Sewer:    sewer_sea

Skill      XL: |  1  2  3  4  5  6 |
---------------+-------------------+-----
Stealth        | 2 3 |  3.6
Dodging        | 3 4 |  4.4
Spellcasting   | 3 |  3.7
Fighting       | 1 |  1.0
Armour         | |  0.8

Action                   |  1- 3 |  4- 6 |  7- 9 || total
-------------------------+-------+-------+-------++-------
Melee: Quarterstaff      |       |    12 |     1 ||    13
 Cast: Sandblast         |    53 |    66 |       ||   119
       Stone Arrow       |     1 |    22 |       ||    23
       Passwall          |       |     1 |       ||     1
       Static Discharge  |       |       |     1 ||     1
Armor: Robe              |     5 |     7 |     1 ||    13
Dodge: Dodged            |    10 |    28 |     3 ||    41

Table legend: (Time is in decaauts)
 A = Elapsed time spent in this place.
 B = Non-inter-level travel time spent in this place.
 C = Inter-level travel time spent in this place.
 D = Time resting spent in this place.
 E = Time spent auto-exploring this place.
 F = Levels seen in this place.
 G = Mean time per level.
                   A        B        C        D        E       F      G
               +--------+--------+--------+--------+--------+-----+--------+
         Total |   3472 |   2769 |    703 |    734 |   1352 |   5 |  694.4 |
       Dungeon |   3035 |   2332 |    703 |    493 |   1352 |   4 |  758.8 |
         Sewer |    436 |    436 |      0 |    241 |      0 |   1 |  436.0 |
               +--------+--------+--------+--------+--------+-----+--------+

Top non-repeatable levels by time:
     D:1: 1154 daAuts
     D:3: 916 daAuts
     D:2: 875 daAuts
   Sewer: 436 daAuts
     D:4: 89 daAuts
